 Dungeon Crawl Stone Soup version 0.21-b1-23-g1fb0a74 (webtiles) character file.

150 shaad the Skirmisher (level 5, -6/42 HPs)
             Began as a Demonspawn Abyssal Knight on Jan 5, 2018.
             Was a Believer of Lugonu.
             Killed from afar by an orc wizard (11 damage)
             ... with a puff of flame
             ... on level 5 of the Dungeon.
             The game lasted 00:43:47 (2950 turns).

shaad the Skirmisher (Demonspawn Abyssal Knight)    Turns: 2950, Time: 00:43:48

Health: -6/42      AC:  9    Str: 12 (13) XL:     5   Next: 10%
Magic:  4/6        EV:  5    Int: 13 (14) God:    Lugonu [**....]
Gold:   109        SH:  0    Dex:  9 (12) Spells: 4/4 levels left

rFire    . . .     SeeInvis .   x - +1 falchion (drain)
rCold    + . .     Gourm    .   (no shield)
rNeg     . . .     Faith    .   y - +0 chain mail
rPois    +         Spirit   .   (no helmet)
rElec    .         Reflect  .   (no cloak)
rCorr    .         Harm     .   r - +0 pair of gloves
MR       .....                  (no boots)
Stlth    ..........             (no amulet)
HPRegen  0.14/turn              (no ring)
MPRegen  0.10/turn              (no ring)

@: confused, about to teleport, very slightly contaminated, invisible
A: claws 1, cold resistance 1, poison resistance, powered by pain 1
a: Depart the Abyss, Bend Space, Renounce Religion


You were on level 5 of the Dungeon.
You worshipped Lugonu.
Lugonu was pleased with you.
You were completely stuffed.

You visited 1 branch of the dungeon, and saw 5 of its levels.
You visited the Abyss 1 time.

You collected 109 gold pieces.

Inventory:

Hand Weapons
 a - a +1 mace
 d - a +2 whip of electrocution
 e - a +0 spear
 f - a +0 dagger of flaming
 h - a +0 flail
 i - a +0 flail
 k - a +0 halberd
 m - a +0 mace of holy wrath
 p - a +0 club
 q - a +0 hand axe
 s - a +0 war axe
 w - a +0 great sword
 x - a +1 falchion of draining (weapon)
 B - a +0 scimitar
Armour
 b - a +0 leather armour
 j - a +0 robe
 l - a +0 robe
 r - a +0 pair of gloves (worn)
 t - a +0 chain mail
 v - a +0 leather armour
 y - a +0 chain mail (worn)
 z - a +0 ring mail
Scrolls
 g - 2 scrolls of teleportation
Potions
 o - a potion of haste
 u - a potion of invisibility
 A - a potion of lignification {unknown}
Comestibles
 c - 8 rations
 n - 2 chunks of flesh


   Skills:
 + Level 3.9 Fighting
 + Level 1.8(2.5) Axes
 + Level 2.4(2.8) Maces & Flails
 + Level 0.4(1.2) Polearms
 + Level 2.3 Armour
 + Level 1.6 Dodging
 + Level 0.8 Stealth
 + Level 2.5 Invocations


You had 4 spell levels left.
You didn't know any spells.

Dungeon Overview and Level Annotations

Branches:
Dungeon (5/15)
 Temple: D:4-7

Altars:
Nemelex Xobeh
Uskayaw
Wu Jian

Annotations:
D:4 Pikel


Innate Abilities, Weirdness & Mutations

You sometimes gain a little power by taking damage.
You have sharp fingernails.
Your flesh is cold resistant. (rC+)
Your system is resistant to poisons. (rPois)


Message History

The puff of flame hits you!
* * * LOW HITPOINT WARNING * * *
You closely miss the orc wizard.
The orc wizard points at you and mumbles some strange words.
The puff of flame hits you!
* * * LOW HITPOINT WARNING * * *
You fade into invisibility!
The orc wizard hits you but does no damage.
You are very lightly contaminated with residual magic.
The orc wizard casts a spell at the orc wizard.
The magic dart hits the orc wizard.
The sky beast flickers out of sight!
Deactivating autopickup; reactivate with Ctrl-A.
As you read the scroll of teleportation, it crumbles to dust.
You feel strangely unstable.
The orc wizard shouts!
The orc wizard gestures at you while chanting.
You are confused.
The orc wizard casts a spell at something.
The puff of flame hits you!
You die...

#......# #.....
#......##########.....
#......'....>...#####'
#......########.# #>
#....{o# #.# #.
#####o## #.# #. #o#
#.# #. #.# #.# #. #@#
#######'### #.
#......#
#.([......###.
#.....$#
#.........'...
#......#
#.........###.
######.# #.........#
#. #.# #####......##.
#.# #......##. #.#
#......### #......#


You could see 2 orc wizards and an orc.

Vanquished Creatures
  An orc priest (D:4)
  A gnoll (D:1)
  A howler monkey skeleton (D:5)
  An adder (D:3)
  A shadow imp (D:5)
  An ooze (D:3)
  2 worms
  2 dart slugs
  4 leopard geckos
  5 orcs
  3 bats
  3 giant cockroaches
  9 goblins
  5 hobgoblins
  6 jackals
  A quokka (D:3)
  A ball python (D:1)
  6 frilled lizards
  3 kobolds
  6 rats
62 creatures vanquished.

Notes
Turn   | Place    | Note
-------+----------+-------------------------------------------
     0 | Abyss:1  | shaad the Demonspawn Abyssal Knight began the quest for the Orb.
     0 | Abyss:1  | Reached XP level 1. HP: 18/18 MP: 2/2
    52 | Abyss:1  | Noticed a rust devil
    63 | Abyss:1  | Noticed an insubstantial wisp
    84 | D:1      | Escaped the Abyss
   100 | D:1      | Noticed an ogre
   433 | D:1      | Gained mutation: You sometimes gain a little power by taking damage. [demonic ancestry]
   433 | D:1      | Reached XP level 2. HP: 17/24 MP: 3/3
   466 | D:1      | Reached skill level 1 in Dodging
   625 | D:1      | Reached * piety under Lugonu
   982 | D:2      | Reached XP level 3. HP: 18/29 MP: 4/4
  1218 | D:2      | Found a sparkling altar of Nemelex Xobeh.
  1703 | D:2      | Paralysed by fainting for 9 turns
  1739 | D:2      | Paralysed by fainting for 10 turns
  1761 | D:2      | Paralysed by fainting for 12 turns
  2185 | D:3      | Reached ** piety under Lugonu
  2197 | D:3      | Reached skill level 1 in Axes
  2198 | D:3      | Gained mutation: Your system is resistant to poisons. (rPois) [potion of mutation]
  2198 | D:3      | Gained mutation: You have sharp fingernails. [potion of mutation]
  2198 | D:3      | Gained mutation: Your flesh is cold resistant. (rC+) [potion of mutation]
  2259 | D:3      | Reached XP level 4. HP: 18/37 MP: 5/5
  2297 | D:3      | Found a hide-covered altar of Uskayaw.
  2516 | D:3      | Found an ornate altar of the Wu Jian Council.
  2630 | D:4      | Noticed a slave
  2632 | D:4      | Noticed a slave
  2632 | D:4      | Noticed a slave
  2633 | D:4      | Noticed Pikel
  2634 | D:4      | Noticed a slave
  2659 | D:5      | Entered Level 5 of the Dungeon
  2679 | D:5      | HP: 1/37 [howler monkey skeleton (2)]
  2765 | D:5      | Reached XP level 5. HP: 12/42 MP: 6/6
  2917 | D:5      | Noticed a sky beast
  2950 | D:5      | Killed from afar by an orc wizard

Skill      XL: |  1  2  3 |
---------------+----------+-----
Maces & Flails | 2 |  2.4
Dodging        | 1 |  1.6
Armour         | 2 |  2.3
Axes           | 1 |  1.8
Fighting       | |  3.9
Polearms       | |  0.4
Stealth        | |  0.8
Invocations    | |  2.5

Action                   |  1- 3 |  4- 6 || total
-------------------------+-------+-------++-------
Melee: Mace              |    21 |     8 ||    29
       Halberd           |    25 |       ||    25
       Hand axe          |   121 |       ||   121
       Flail             |       |    67 ||    67
       Falchion          |       |    22 ||    22
Invok: Depart the Abyss  |     1 |       ||     1
       Bend Space        |       |     4 ||     4
  Use: Potion            |     5 |    10 ||    15
       Scroll            |     4 |     4 ||     8
 Stab: Sleeping          |     2 |       ||     2
  Eat: Ration            |     3 |     2 ||     5
Armor: Leather armour    |    47 |       ||    47
       Chain mail        |    12 |    58 ||    70
Dodge: Dodged            |   114 |    35 ||   149
       Rpst.: Falchion   |       |     1 ||     1
